 Dungeon Crawl Stone Soup version 0.25-a0-87-ga3d287bc14 (webtiles) character file.

Game seed: 11254845905357332111, levelgen mode: deterministic

521 MrRokkomies the Skirmisher (level 7, 0/61 HPs)
             Began as a Ghoul Monk on Nov 10, 2019.
             Was a Believer of Ru.
             Slain by an ogre
             ... wielding a +0 giant club
              (23 damage)
             ... on level 4 of the Dungeon.
             The game lasted 00:09:25 (2354 turns).

MrRokkomies the Skirmisher (Ghoul Monk)             Turns: 2354, Time: 00:09:25

Health: 0/61       AC: 11    Str: 19    XL:     7   Next: 21%
Magic:  6/6        EV:  6    Int:  5    God:    Ru [**....]
Gold:   192        SH:  0    Dex: 11    Spells: 6/6 levels left

rFire    . . .     SeeInvis .     - Unarmed
rCold    + . .     Gourm    .   (no shield)
rNeg     + + +     Faith    .   n - +0 plate armour
rPois    ∞         Spirit   .   (no helmet)
rElec    .         Reflect  .   l - +0 cloak
rCorr    .         Harm     .   (no gloves)
MR       .....                  (no boots)
Stlth    ..........             (no amulet)
HPRegen  0.00/turn              o - +2 ring of strength
MPRegen  0.10/turn              (no ring)

@: rotting
A: rotting body, claws 1, carnivore, cold resistance 1, negative energy
resistance 3, inhibited regeneration, torment resistance, unbreathing, unskilled
1
a: Renounce Religion


You were on level 4 of the Dungeon.
You worshipped Ru.
Ru was pleased with you.
You were not hungry.

You visited 1 branch of the dungeon, and saw 4 of its levels.

You collected 192 gold pieces.

Inventory:

Hand Weapons
 b - a +2 hunting sling of flaming
Missiles
 a - 20 sling bullets
 g - 42 stones (quivered)
Armour
 l - a +0 cloak (worn)
 n - a +0 plate armour (worn)
Jewellery
 o - a +2 ring of strength (left claw)
Wands
 h - a wand of random effects (17)
Scrolls
 d - a scroll of enchant armour
 q - a scroll of enchant weapon
 r - a scroll of remove curse
Potions
 c - a potion of magic {unknown}
 e - 5 potions of curing {unknown}
 i - a potion of agility {unknown}
 k - a potion of heal wounds {unknown}
 m - 2 potions of brilliance {unknown}
 p - a potion of ambrosia {unknown}
Comestibles
 f - 7 rations
 j - 10 chunks of flesh


   Skills:
 * Level 5.6 Fighting
 + Level 2.3 Slings
 - Level 2.4 Dodging
 - Level 2.0 Stealth
 * Level 5.5 Unarmed Combat


You had 6 spell levels left.
You didn't know any spells.
Your spell library was empty.

Dungeon Overview and Level Annotations

Branches:
Dungeon (4/15)
 Temple: D:4-7

Altars:
Ru
Xom


Innate Abilities, Weirdness & Mutations

Your body is rotting away.
You thrive on raw meat.
You are immune to poison.
You have sharp fingernails.
You are carnivorous and can eat meat at any time.
Your flesh is cold resistant. (rC+)
You are immune to negative energy. (rN+++)
You do not regenerate when monsters are visible.
You are immune to unholy pain and torment.
You can survive without breathing.
You are somewhat unskilled. (-1 Apt)


Message History

Your plate armour prevents you from hitting the ogre.
The ogre hits you with a +0 giant club!!
You are too injured to fight recklessly!
You are too injured to fight recklessly!
You are too injured to fight recklessly!
You are too injured to fight recklessly!
You are too injured to fight recklessly!
Your plate armour prevents you from hitting the ogre.
The ogre barely misses you.
Your plate armour prevents you from hitting the ogre.
You scratch the ogre.
The ogre is lightly wounded.
The ogre hits you with a +0 giant club!
You scratch the ogre but do no damage. Your claw misses the ogre.
The ogre is lightly wounded.
The ogre is stunned by your will and fails to attack.
You scratch the ogre.
The ogre is moderately wounded.
The ogre hits you with a +0 giant club!!
You die...

#....# ######....#
.# ....##....####
#.# ....'>.......#
.. ....#.###.##.###
.. ....#..........#
.# .##.######.#.#.#
.# .#8.8###
#.#.#.##O# .......#
#.#.#..@.#
##8.8#.###...######
##.##..####..
###.#...# #.#
........####.#
.............#
......#.###
......#...#
.......# .#


You could see an ogre.

Vanquished Creatures
  An ogre (D:4)
  A water moccasin skeleton (D:4)
  A scorpion (D:4)
  A bullfrog skeleton (D:3)
  2 centaur skeletons (D:4)
  A hound (D:4)
  An orc wizard (D:4)
  A hound skeleton (D:4)
  10 adders
  An ooze (D:2)
  An adder skeleton (D:4)
  5 worms
  3 dart slugs
  2 leopard geckos
  2 orcs
  A ball python (D:2)
  4 bats
  3 giant cockroaches
  11 goblins
  3 hobgoblins (D:2)
  2 jackals (D:4)
  A quokka (D:2)
  6 frilled lizards
  5 kobolds
  12 rats
81 creatures vanquished.

Vanquished Creatures (others)
  An orc wizard (D:4)
  An orc (D:4)
2 creatures vanquished.

Grand Total: 83 creatures vanquished

Notes
Turn   | Place    | Note
-------+----------+-------------------------------------------
     0 | D:1      | MrRokkomies the Ghoul Monk began the quest for the Orb.
     0 | D:1      | Reached XP level 1. HP: 19/19 MP: 0/0
    32 | D:1      | Reached XP level 2. HP: 23/26 MP: 1/1
   592 | D:2      | Reached XP level 3. HP: 33/33 MP: 2/2
   773 | D:2      | Found a sacrificial altar of Ru.
   779 | D:2      | Became a worshipper of Ru the Awakened
   818 | D:2      | Reached skill level 1 in Slings
   818 | D:2      | Reached XP level 4. HP: 24/40 MP: 3/3
   819 | D:2      | Gained mutation: You are somewhat unskilled. (-1 Apt) [Ru
                  | sacrifice]
   819 | D:2      | Reached * piety under Ru
   819 | D:2      | Reached ** piety under Ru
   895 | D:2      | Reached skill level 1 in Slings
  1351 | D:3      | Reached XP level 5. HP: 36/47 MP: 4/4
  1480 | D:3      | Found a shimmering altar of Xom.
  1968 | D:4      | Reached XP level 6. HP: 45/53 MP: 5/5
  2060 | D:4      | Reached skill level 5 in Fighting
  2060 | D:4      | Reached skill level 5 in Unarmed Combat
  2231 | D:4      | Reached XP level 7. HP: 22/61 MP: 6/6
  2354 | D:4      | Slain by an ogre

Levels and vault maps discovered:
D:1:      saegor_arrival_simple_a, layout_loops_ring
D:2:      layout_loops_ring, hangedman_ru_absence
D:3:      layout_basic, first_ration, tgw_xom
D:4:      layout_basic, small_statue_intersection, minmay_misc_feat_iff

Skill      XL: |  1  2  3  4  5  6 |
---------------+-------------------+-----
Fighting       | 4 4 5 |  5.6
Unarmed Combat | 4 4 5 |  5.5
Slings         | 1 1 2 |  2.3
Dodging        | |  2.4
Stealth        | |  2.0

Action                   |  1- 3 |  4- 6 |  7- 9 || total
-------------------------+-------+-------+-------++-------
Melee: Unarmed           |   105 |   157 |    34 ||   296
       Punch             |       |     1 |     1 ||     2
 Fire: Hunting sling     |     5 |    31 |       ||    36
Invok: Sacrifice Skill   |       |     1 |       ||     1
  Use: Scroll            |     1 |     6 |       ||     7
 Stab: Sleeping          |     3 |     1 |       ||     4
       Invisible         |       |       |     1 ||     1
  Eat: Chunk             |     9 |    11 |     8 ||    28
Armor: Robe              |    18 |     3 |       ||    21
       Scale mail        |       |    17 |       ||    17
       Chain mail        |       |    22 |       ||    22
       Plate armour      |       |    36 |    20 ||    56
Dodge: Dodged            |    65 |    71 |    18 ||   154

Table legend:
 A = Non-vault XP
 B = Vault XP
 C = Vault XP percentage of total XP
 D = Non-vault monster count
 E = Vault monster count
 F = Vault count percentage of total count
                 A         B        C        D         E       F
            +---------+---------+-------+---------+---------+-------
      Total |     733 |      12 |   1.6 |      75 |       7 |   8.5
            +---------+---------+-------+---------+---------+-------
        D:1 |      26 |       0 |   0.0 |      15 |       0 |   0.0
        D:2 |     123 |       0 |   0.0 |      33 |       0 |   0.0
        D:3 |      99 |      12 |  10.8 |      11 |       7 |  38.9
        D:4 |     485 |       0 |   0.0 |      16 |       0 |   0.0
            +---------+---------+-------+---------+---------+-------
